 Dungeon Crawl Stone Soup version 0.29.0-11-gd7f09526c8 (webtiles) character file.

Game seed: 14392306510091651378

1085 Zonian the Ruffian (level 8, -1/80 HPs)
             Began as a Troll Fighter on Sept 3, 2022.
             Was an Initiate of Wu Jian.
             Slain by a gnoll
             ... wielding a +0 halberd
             ... led by a gnoll sergeant
              (4 damage)
             ... on level 5 of the Dungeon.
             The game lasted 00:09:07 (4470 turns).

Zonian the Ruffian (Troll Fighter)                  Turns: 4470, Time: 00:09:08

Health: -1/80      AC:  5    Str: 25    XL:     8   Next: 9%
Magic:  7/7        EV:  8    Int: 12    God:    Wu Jian [......]
Gold:   406        SH:  8    Dex:  9    Spells: 7/7 levels left

rFire   . . .      SeeInvis .     - Unarmed
rCold   . . .      Faith    .   b - +0 kite shield
rNeg    . . .      Spirit   .   a - +0 robe
rPois   .          Reflect  .   (helmet restricted)
rElec   .          Harm     .   g - +0 cloak
rCorr   .          Rampage  .   (gloves unavailable)
Will    .....                   (boots unavailable)
Stlth   +.........              (no amulet)
HPRegen 1.03/turn               (no ring)
MPRegen 0.10/turn               l - +6 ring of intelligence

@: no status effects
A: large, unfitting armour, claws 3, regeneration 1, shaggy fur 1, tough skin 1
a: Renounce Religion


You were on level 5 of the Dungeon.
You worshipped Wu Jian.
Wu Jian was noncommittal.
You visited 2 branches of the dungeon, and saw 6 of its levels.

You collected 406 gold pieces.

Inventory:

Armour
 a - a +0 robe (worn)
 b - a +0 kite shield (worn)
 g - a +0 cloak (worn)
Jewellery
 c - a ring of fire
 l - a +6 ring of intelligence (right claw)
Wands
 h - a wand of polymorph (8)
Scrolls
 k - 2 scrolls of fog
 o - a scroll of identify
Potions
 d - a potion of brilliance
 e - 2 potions of mutation
 j - a potion of lignification
 m - a potion of ambrosia
 n - a potion of curing {unknown}
 p - 2 potions of berserk rage {unknown}


   Skills:
 + Level 5.1 Fighting
 - Level 2.4 Dodging
 + Level 5.6 Shields
 + Level 5.8 Unarmed Combat


You had 7 spell levels left.
You didn't know any spells.
Your spell library contained the following spells:

 Spells                   Type           Power      Damage    Failure   Level
 Conjure Flame            Conj/Fire      0%         6-21      91%         3
 Gell's Gravitas          Tloc           0%         N/A       91%         3
 Ignite Poison            Fire/Tmut/Pois 0%         N/A       91%         3
 Teleport Other           Tloc           0%         N/A       91%         3
 Sticky Flame             Conj/Fire      0%         2d3       100%        4
 Dispersal                Tloc           0%         N/A       100%        6


Dungeon Overview and Level Annotations

Branches:
Dungeon (5/15)             Temple (1/1) D:5

Altars:
Elyvilon
Kikubaaqudgha
Makhleb
Okawaru
Qazlal
Uskayaw
Vehumet
Wu Jian
Xom
Yredelemnul
Zin
The Shining One

Annotations:
D:3 1 runed translucent door, Crazy Yiuf


Innate Abilities, Weirdness & Mutations

You are too large for most types of armour.
You have claws for hands.
Your natural rate of healing is unusually fast.
You are covered in fur. (AC +1)
You have tough skin. (AC +1)


Message History

Unknown command.
Okay, then.
Okay, then.
Okay, then.
Okay, then.
Okay, then.
You remove your ring of fire.
The gnoll sergeant hits you with a +1 spear of freezing!
* * * LOW HITPOINT WARNING * * *
The gnoll sergeant freezes you.
* * * LOW HITPOINT WARNING * * *
Unknown command.
You claw the gnoll sergeant!
You kill the gnoll sergeant!
The Council accepts your kill.
Unknown command.
You closely miss the gnoll. You block the gnoll's attack.
Unknown command.
You claw the gnoll!
The gnoll is severely wounded.
You block the gnoll's attack.
Unknown command.
The gnoll attacks as you move away! The gnoll hits you but does no damage.
Unknown command.
You claw the gnoll!
You kill the gnoll!
The Council accepts your kill.
Unknown command.
You mangle the gnoll!!
You kill the gnoll!
The Council accepts your kill. You block the gnoll's attack.
Unknown command.
You lunge at the gnoll.
You barely miss the gnoll. The gnoll hits you with a +0 halberd!
* * * LOW HITPOINT WARNING * * *
Things that are here:
a +0 flail; a +0 club You barely miss the gnoll.
The gnoll hits you with a +0 halberd.
You die...

........# #.....#
........# #.....#
........# #†....# ....#
######'########.....#
....# ..#
#........'.....# .g..#
#.#############.....#
....
...(....#...........##g..
#.#####.#.####.#.###...#
#.#...#.# #.#@# #...#
#.#.#.#.# #.#g###...#####
#.#...#.#
###+#...g.........
#.###.#.#
#.................
#...))#.#
#.................
#####.#.#
#.................
))..#.#.#
#.................
###...#.#
#.......[.........
#.###.#
###'#########.....


You could see a gnoll.

Vanquished Creatures
  Grinder (D:3)
  Sigmund (D:4)
  Menkaure (D:4)
  Duvessa (D:4)
  Blork the orc (D:4)
  A gnoll sergeant (D:5)
  Dowan (D:4)
  An orc priest (D:3)
  A hound (D:4)
  Ijyb (D:3)
  An iguana (D:4)
  2 orc wizards (D:5)
  6 adders
  4 gnolls
  2 ufetubi (D:4)
  3 worms (D:2)
  7 orcs
  9 endoplasms
  2 giant cockroaches
  10 goblins
  8 hobgoblins
  A quokka (D:4)
  3 ball pythons
  8 bats
  3 frilled lizards
  6 kobolds
  5 rats
90 creatures vanquished.

Notes
Turn   | Place    | Note
-------+----------+-------------------------------------------
     0 | D:1      | Zonian the Troll Fighter began the quest for the Orb.
     0 | D:1      | Reached XP level 1. HP: 22/22 MP: 0/0
   458 | D:1      | Reached XP level 2. HP: 29/29 MP: 1/1
   891 | D:2      | You fall into a shaft and drop 1 floor!
   923 | D:3      | Noticed Grinder
   959 | D:3      | Killed Grinder
   960 | D:3      | Reached XP level 3. HP: 15/37 MP: 2/2
   960 | D:3      | Reached XP level 4. HP: 19/45 MP: 3/3
   960 | D:3      | Reached XP level 5. HP: 22/53 MP: 4/4
  1910 | D:2      | Reached XP level 6. HP: 62/62 MP: 5/5
  2243 | D:3      | Noticed Ijyb
  2254 | D:3      | Killed Ijyb
  2876 | D:3      | Found a runed translucent door.
  2877 | D:3      | Noticed Crazy Yiuf
  3045 | D:4      | Noticed Menkaure
  3052 | D:4      | Killed Menkaure
  3101 | D:4      | Noticed Blork the orc
  3151 | D:4      | Noticed Sigmund
  3287 | D:4      | Killed Blork the orc
  3290 | D:4      | Reached XP level 7. HP: 65/70 MP: 6/6
  3350 | D:4      | Identified the +1 ring mail of Daffodils {Will+}
  3538 | D:4      | Noticed Dowan
  3539 | D:4      | Noticed Duvessa
  3553 | D:4      | Killed Duvessa
  3570 | D:4      | Killed Dowan
  3571 | D:4      | Reached skill level 5 in Shields
  3571 | D:4      | Reached skill level 5 in Unarmed Combat
  3943 | D:4      | Killed Sigmund
  4013 | D:4      | Reached skill level 5 in Fighting
  4083 | D:5      | Entered Level 5 of the Dungeon
  4207 | D:5      | Found a staircase to the Ecumenical Temple.
  4214 | Temple   | Entered the Ecumenical Temple
  4239 | Temple   | Became a worshipper of the Wu Jian Council
  4313 | D:5      | Reached XP level 8. HP: 80/80 MP: 7/7
  4469 | D:5      | HP: 2/80 [gnoll/+0 halberd[a gnoll sergeant] (12)]
  4470 | D:5      | Slain by a gnoll

Illustrated notes

Levels and vault maps discovered:
D:1:      scummos_arrival_checkerplants, layout_loops_corners,
          shapermc_ecumenical_altar_petra
D:2:      cheibrodos_greedy_goblins, layout_basic
D:3:      layout_basic, uniq_ijyb, uniq_grinder, uniq_crazy_yiuf_cottage
D:4:      minmay_chambers_of_twos, layout_rooms, uniq_duvessa,
          uniq_blork_the_orc, uniq_menkaure, uniq_sigmund
D:5:      layout_basic, nzn_overflow_gifts_of_might_and_magic,
          minmay_temple_entry_waves, hangedman_abyss_or_decor_stabs
Temple:   hellmonk_temple_two_chambers

Skill      XL: |  1  2  3  4  5  6  7 |
---------------+----------------------+-----
Fighting       | 3 4 5 |  5.1
Shields        | 3 4 5 |  5.6
Unarmed Combat | 3 4 5 |  5.8
Dodging        | |  2.4

Action                   |  1- 3 |  4- 6 |  7- 9 || total
-------------------------+-------+-------+-------++-------
Melee: Unarmed           |    33 |   125 |    93 ||   251
Invok: Lunge             |       |       |     2 ||     2
Evoke: Wand              |       |       |     1 ||     1
  Use: Scroll            |     2 |     9 |       ||    11
       Potion            |     1 |     1 |     1 ||     3
 Stab: Paralysed         |       |       |     6 ||     6
Armor: Robe              |     5 |    35 |    19 ||    59
Dodge: Dodged            |     6 |    33 |    10 ||    49
Block: Kite shield       |     7 |    49 |    24 ||    80
